 Dungeon Crawl Stone Soup version 0.21.1-1-g345015fe64 (webtiles) character file.

1716 Kohma the Shield-Bearer (level 9, -5/55 HPs)
             Began as a Gargoyle Fighter on June 19, 2018.
             Slain by an orc warrior
             ... wielding a +0 trident
              (8 damage)
             ... on level 6 of the Dungeon.
             The game lasted 00:13:32 (5066 turns).

Kohma the Shield-Bearer (Gargoyle Fighter)          Turns: 5066, Time: 00:13:32

Health: -5/55      AC: 25    Str: 24    XL:     9   Next: 4%
Magic:  9/9        EV:  8    Int:  8    God:
Gold:   283        SH: 11    Dex:  9    Spells: 8/8 levels left

rFire    . . .     SeeInvis .   a - +2 mace (protect)
rCold    + + .     Gourm    .   c - +0 shield
rNeg     + . .     Faith    .   B - +2 scale mail {rC+}
rPois    ∞         Spirit   .   (no helmet)
rElec    +         Reflect  .   (no cloak)
rCorr    .         Harm     .   (no gloves)
MR       .....                  (no boots)
Stlth    ..........             (no amulet)
HPRegen  0.18/turn              i - +2 ring of protection
MPRegen  0.11/turn              v - ring of protection from cold

@: protection aura, very slightly contaminated
A: negative energy resistance 1, electricity resistance, unbreathing,
petrification resistance, rot immunity, AC +6
a: no special abilities


You were on level 6 of the Dungeon.
You were not hungry.

You visited 1 branch of the dungeon, and saw 6 of its levels.

You collected 283 gold pieces.

Inventory:

Hand Weapons
 a - a +2 mace of protection (weapon)
 b - a +1 whip of flaming
 u - a +0 flail
 z - a +0 hand crossbow
Missiles
 g - 84 bolts
Armour
 c - a +0 shield (worn)
 B - a +2 scale mail of cold resistance (worn)
Jewellery
 i - a +2 ring of protection (left hand)
 v - a ring of protection from cold (right hand)
Wands
 w - a wand of polymorph (18)
Scrolls
 j - 2 scrolls of identify
 m - a scroll of teleportation
 x - a scroll of remove curse
 y - a scroll of enchant weapon
Potions
 d - 2 potions of might
 h - a potion of berserk rage {unknown}
 k - a potion of heal wounds {unknown}
 o - a potion of agility {unknown}
 p - 2 potions of curing
 q - 2 potions of brilliance
 t - a potion of ambrosia {unknown}
 A - 3 potions of flight {unknown}
Books
 r - a book of Changes

   Spells                             Type                      Level
   a - Beastly Appendage              Transmutation                1
   b - Sticks to Snakes               Transmutation                2
   c - Spider Form                    Transmutation/Poison         3
   d - Ice Form                       Ice/Transmutation            4
   e - Blade Hands                    Transmutation                5
Comestibles
 f - 7 rations
 n - 3 chunks of flesh


   Skills:
 + Level 5.9 Fighting
 * Level 6.8 Maces & Flails
 + Level 5.9 Armour
 * Level 7.8 Shields


You had 8 spell levels left.
You didn't know any spells.

Dungeon Overview and Level Annotations

Branches:
Dungeon (6/15)
 Temple: D:4-7

Altars:
Kikubaaqudgha
Okawaru
Xom
Zin


Innate Abilities, Weirdness & Mutations

You are resistant to torment.
Your stone body is resilient. (AC +6)
You are immune to poison.
You resist negative energy. (rN+)
You are resistant to electric shocks. (rElec)
You can survive without breathing.
You are immune to petrification.
You are immune to rotting.


Message History

Found 16 arrows.
There is an open door here.
You close the door.
You start resting.
Something unseen opens the door.
You start resting.
You block the orc warrior's attack.
You closely miss the orc warrior. You block the orc warrior's attack.
You hit the orc warrior but do no damage.
Your weapon exudes an aura of protection.
The orc warrior hits you with a trident.
* * * LOW HITPOINT WARNING * * *
You hit the orc warrior.
The orc warrior is lightly wounded.
The orc warrior hits you with a trident.
* * * LOW HITPOINT WARNING * * *
You hit the orc warrior.
The orc warrior is moderately wounded.
The orc warrior hits you with a trident!
You die...

## ..# #.# ##.# #####
#..# #...# ..#
##(##..@#####.######.
........oso5.........
##.##...#####..#####
# ##### #...#
#.#.#### #.#........
#.#.......#
#.#.......##
#.##..##....


You could see an orc warrior, a scorpion, an orc wizard and a shadow imp.

Vanquished Creatures
  Pikel (D:4)
  Sigmund (D:4)
  Eustachio (D:4)
  2 slaves (D:4)
  An orc warrior (D:6)
  An ogre (D:6)
  2 bullfrogs (D:6)
  A howler monkey (D:6)
  A bullfrog zombie (D:5)
  2 crimson imps (D:5)
  A bullfrog skeleton (D:5)
  2 hounds (D:5)
  2 orc priests
  An orc wizard (D:5)
  An iguana (D:5)
  5 worker ants
  A killer bee zombie (D:5)
  Robin (D:3)
  5 adders
  A shadow imp (D:6)
  An ooze (D:1)
  A worm (D:4)
  5 dart slugs
  3 leopard geckos
  24 orcs
  5 giant cockroaches
  15 goblins
  9 hobgoblins
  7 jackals
  2 quokkas
  3 bats
  5 frilled lizards
  3 kobolds
  A quokka zombie (D:5)
  6 rats
123 creatures vanquished.

Notes
Turn   | Place    | Note
-------+----------+-------------------------------------------
     0 | D:1      | Kohma the Gargoyle Fighter began the quest for the Orb.
     0 | D:1      | Reached XP level 1. HP: 14/14 MP: 1/1
    68 | D:1      | Reached XP level 2. HP: 19/19 MP: 2/2
   479 | D:1      | Reached XP level 3. HP: 20/23 MP: 3/3
  1480 | D:2      | Reached skill level 4 in Shields
  1480 | D:2      | Reached XP level 4. HP: 27/29 MP: 4/4
  1699 | D:3      | Noticed Robin
  1761 | D:3      | Killed Robin
  1763 | D:3      | Got a steaming helmet
  1887 | D:3      | Reached XP level 5. HP: 20/33 MP: 5/5
  2263 | D:3      | Found an ancient bone altar of Kikubaaqudgha.
  2506 | D:4      | Identified the cursed -3 helmet of the Last Stars {rPois rN+ Str-4} (You took it off Robin on level 3 of the Dungeon)
  2580 | D:4      | Got a distressingly furry robe
  2724 | D:4      | Noticed Eustachio
  2755 | D:4      | Killed Eustachio
  2755 | D:4      | Reached skill level 5 in Shields
  2755 | D:4      | Reached XP level 6. HP: 37/39 MP: 6/6
  2826 | D:4      | Noticed a slave
  2826 | D:4      | Noticed a slave
  2830 | D:4      | Noticed a slave
  2833 | D:4      | Noticed a slave
  2834 | D:4      | Noticed Pikel
  2861 | D:5      | Entered Level 5 of the Dungeon
  2861 | D:5      | Found an iron altar of Okawaru.
  3537 | D:4      | Killed a slave
  3547 | D:4      | Killed a slave
  3577 | D:4      | Killed Pikel
  3577 | D:4      | Reached skill level 5 in Fighting
  3577 | D:4      | Reached skill level 5 in Maces & Flails
  3577 | D:4      | Reached skill level 5 in Armour
  3577 | D:4      | Reached skill level 6 in Shields
  3577 | D:4      | Reached XP level 7. HP: 12/44 MP: 7/7
  3577 | D:4      | Reached XP level 8. HP: 13/49 MP: 8/8
  3897 | D:4      | Noticed Sigmund
  3928 | D:4      | Killed Sigmund
  4089 | D:5      | Found a shimmering altar of Xom.
  4220 | D:5      | Found a glowing silver altar of Zin.
  4227 | D:5      | Reached skill level 7 in Shields
  4984 | D:6      | Identified the cursed +1 robe of the Morning {rElec rPois Int+8 Dex-2} (You found it on level 4 of the Dungeon)
  5030 | D:6      | Reached XP level 9. HP: 16/55 MP: 9/9
  5066 | D:6      | Slain by an orc warrior

Skill      XL: |  1  2  3  4  5  6  7  8 |
---------------+-------------------------+-----
Shields        | 4 5 6 7 |  7.8
Maces & Flails | 3 4 5 6 |  6.8
Fighting       | 4 5 |  5.9
Armour         | 4 5 |  5.9

Action                   |  1- 3 |  4- 6 |  7- 9 || total
-------------------------+-------+-------+-------++-------
Melee: Flail             |   149 |    88 |       ||   237
       Mace              |       |   190 |   198 ||   388
  Use: Scroll            |       |    11 |     4 ||    15
  Eat: Ration            |     1 |     1 |       ||     2
       Chunk             |       |     2 |     6 ||     8
Armor: Scale mail        |    90 |   165 |    95 ||   350
Dodge: Dodged            |    44 |    91 |    60 ||   195
Block: Shield            |   105 |   181 |   121 ||   407
